 Dungeon Crawl Stone Soup version 0.29.0-4-gdea44cf6ec (webtiles) character file.

Game seed: 18154935395742367496

3046 qw the Cleaver (level 10, -5/77 HPs)
             Began as a Formicid Cinder Acolyte on Sept 4, 2022.
             Was a Believer of Ignis.
             Killed from afar by an electric eel (8 damage)
             ... with a bolt of electricity
             ... on level 7 of the Dungeon.
             The game lasted 00:03:10 (11242 turns).

qw the Cleaver (Formicid Cinder Acolyte)           Turns: 11242, Time: 00:03:10

Health: -5/77      AC: 23    Str: 28    XL:     10   Next: 11%
Magic:  11/11      EV:  7    Int: 15    God:    Ignis [**....]
Gold:   239        SH:  7    Dex:  9    Spells: 11/11 levels left

rFire   + + .      SeeInvis +   Y - +1 war axe
rCold   + . .      Faith    .   p - +2 buckler {AC+3}
rNeg    . . .      Spirit   .   d - +0 plate armour
rPois   +          Reflect  .   (helmet unavailable)
rElec   .          Harm     .   i - +0 cloak of Defence {rPois rC+ rCorr Stlth-}
rCorr   +          Rampage  .   (no gloves)
Will    +....                   (no boots)
Stlth   ..........              (no amulet)
HPRegen 0.22/turn               m - ring of protection from fire
MPRegen 0.12/turn               a - +6 ring of strength

@: fiery-armoured
A: permanent stasis, dig shafts and tunnels, antennae 3, four strong arms
a: Dig, Shaft Self, Renounce Religion, Fiery Armour, Foxfire Swarm, Rising Flame


You were on level 7 of the Dungeon.
You worshipped Ignis.
Ignis was pleased with you.
You visited 1 branch of the dungeon, and saw 7 of its levels.

You collected 499 gold pieces.
You spent 260 gold pieces at shops.


Innate Abilities, Weirdness & Mutations

You cannot be hasted, slowed, berserked, paralysed or teleported.
You can dig through walls and to a lower floor.
You have a pair of large antennae on your head. (SInv)
Your four strong arms can wield two-handed weapons with a shield.


   Skills:
 - Level 6.9 Fighting
 - Level 10.2 Axes
 - Level 3.0 Throwing
 + Level 4.8 Armour
 - Level 1.0 Dodging
 - Level 5.6 Shields
 - Level 1.1 Spellcasting
 - Level 3.0 Fire Magic


You had 11 spell levels left.
You didn't know any spells.
Your spell library contained the following spells:

 Spells                   Type           Power      Damage    Failure   Level
 Scorch                   Fire           18%        2d6       82%         2

Inventory:

Hand Weapons
 s - a +0 flail
 Y - a +1 war axe (weapon)
Missiles
 l - 2 boomerangs (quivered)
Armour
 c - a +2 chain mail of cold resistance
 d - a +0 plate armour (worn)
 i - the +0 cloak of Defence (worn) {rPois rC+ rCorr Stlth-}
   (You acquired it on level 2 of the Dungeon)

   rC:        It protects you from cold.
   rPois:     It protects you from poison.
   rCorr:     It protects you from acid and corrosion.
   Stlth:     It makes you less stealthy.
 p - a +2 buckler of protection (worn)
Jewellery
 a - a +6 ring of strength (right hand)
 k - a +6 ring of dexterity
 m - a ring of protection from fire (left hand)
Scrolls
 h - a scroll of identify
Potions
 b - 6 potions of curing
 e - 2 potions of resistance
 f - a potion of flight {unknown}
 g - a potion of cancellation {unknown}

Dungeon Overview and Level Annotations

Branches:
Dungeon (7/15)             Temple (0/1) D:5

Altars:
Hepliaklqana
Nemelex Xobeh
Okawaru
Qazlal
Sif Muna
Trog
Uskayaw
Wu Jian
Xom

Shops:
D:3 (   D:5 !

Annotations:
D:5 1 runed translucent door, qw's ghost, novice FoCA


Message History

There is a stone staircase leading up here.
The electric eel shoots out a bolt of lightning at you!
The bolt of electricity hits you!
11224 ||| FLEEEEING.
The electric eel shoots out a bolt of lightning at you!
The bolt of electricity hits you!
There is a stone staircase leading up here.
11226 ||| FLEEEEING.
The electric eel shoots out a bolt of lightning at you!
The bolt of electricity hits you!
There is a stone staircase leading up here.
11228 ||| FLEEEEING.
There is a stone staircase leading up here.
The electric eel shoots out a bolt of lightning at you!
The bolt of electricity hits you.
11230 ||| FLEEEEING.
There is a stone staircase leading up here.
11231 ||| INVOKING Fiery Armour.
A protective cloak of flame settles atop you.
11233 ||| FLEEEEING.
The electric eel shoots out a bolt of lightning at you!
The bolt of electricity hits you but does no damage.
There is a stone staircase leading up here.
11235 ||| FLEEEEING.
There is a stone staircase leading up here.
The electric eel shoots out a bolt of lightning at you!
The bolt of electricity hits you!
11237 ||| FLEEEEING.
There is a stone staircase leading up here.
11239 ||| FLEEEEING.
The electric eel shoots out a bolt of lightning at you!
The bolt of electricity hits you!
There is a stone staircase leading up here.
11241 ||| FLEEEEING.
The electric eel shoots out a bolt of lightning at you!
The bolt of electricity hits you!
There is a stone staircase leading up here.
The electric eel shoots out a bolt of lightning at you!
The bolt of electricity hits you!
You die...

.### #.#........~#######~...#.##.
...# #..........~##~~~##~##.#.##.
##.#######......S~~~~~~~~........
...'.....#.##.....#.....###......
..%#.....#)##.........#####......
...###'###.#.)......#.....#...##.
...#.....#..........#####.....##.
...#.....##.........######.[#..#.
...########.....@.......#.<......
.....[..####.#..<#..##.....##....
...........#.####................
.........#.#####......#...####...
.......###..#..##.#...###.## #...
######## #....##....#...#..# #...
... #....##....###.##.# #... .#
#..#.###...# #.##.# #... #####
#...####...###.##.# ####


You could see an electric eel.

Vanquished Creatures
  Grinder (D:5)
  4 hogs (D:7)
  A human (D:7)
  A steam dragon (D:7)
  A water moccasin (D:7)
  Duvessa (D:5)
  An ice beast (D:6)
  An orc warrior (D:7)
  3 black bears
  A sky beast (D:7)
  An ogre (D:6)
  A centaur (D:7)
  A kobold brigand (D:7)
  A scorpion (D:7)
  2 bullfrogs (D:7)
  Dowan (D:5)
  An electric eel (D:7)
  A howler monkey (D:5)
  5 hounds
  4 jellies
  3 orc priests
  A gnoll bouda (D:5)
  Ijyb (D:3)
  An orc wizard (D:5)
  11 gnolls
  5 adders
  2 white imps (D:7)
  22 orcs
  5 bats
  4 endoplasms
  3 giant cockroaches (D:1)
  18 goblins
  7 hobgoblins
  6 jackals
  3 quokkas
  8 ball pythons
  3 frilled lizards
  11 kobolds
  4 rats
  A spectral orc (D:7)
152 creatures vanquished.

Notes
Turn   | Place    | Note
-------+----------+-------------------------------------------
     0 | D:1      | qw the Formicid Cinder Acolyte began the quest for the Orb.
     0 | D:1      | Reached XP level 1. HP: 18/18 MP: 2/2
     0 | D:1      | 0 ||| qw: Version: 0.1-a-102-g441f92d
     0 | D:1      | 0 ||| qw: Game counter: 5367
     0 | D:1      | 0 ||| qw: Always use a shield: true
     0 | D:1      | 0 ||| qw: God list: Okawaru
     0 | D:1      | 0 ||| qw: Allow faded altars: false
     0 | D:1      | 0 ||| qw: Do Orc after D:15 true
     0 | D:1      | 0 ||| qw: Do second Lair branch before Depths: true
     0 | D:1      | 0 ||| qw: Lair rune preference: random
     0 | D:1      | 0 ||| qw: Plans: Normal
     0 | D:1      | 0 ||| PLANNING D:1-11
   534 | D:1      | Reached XP level 2. HP: 20/24 MP: 3/3
   805 | D:1      | Found a faded altar of an unknown god.
  1022 | D:1      | Reached skill level 4 in Axes
  1022 | D:1      | Reached XP level 3. HP: 17/29 MP: 4/4
  1496 | D:1      | 1496 ||| UPGRADING to +0 leather armour.
  1506 | D:1      | 1506 ||| DROPPING +0 robe.
  1507 | D:1      | 1507 ||| UPGRADING to +6 ring of dexterity.
  1508 | D:1      | 1508 ||| READING scroll labelled JIMNOL IMEGH.
  1509 | D:1      | 1509 ||| READING scroll labelled LAKOYX BIEP.
  1594 | D:1      | 1594 ||| DROPPING +0 club.
  1732 | D:2      | 1732 ||| Stepping ~*~*~tactically~*~*~ (stealth).
  1748 | D:2      | Reached skill level 1 in Dodging
  1956 | D:2      | 1956 ||| FLEEEEING.
  1957 | D:2      | 1957 ||| FLEEEEING.
  1958 | D:2      | 1958 ||| FLEEEEING.
  1959 | D:2      | 1959 ||| FLEEEEING.
  1960 | D:2      | 1960 ||| FLEEEEING.
  1961 | D:2      | 1961 ||| FLEEEEING.
  1962 | D:2      | 1962 ||| FLEEEEING.
  1963 | D:2      | 1963 ||| FLEEEEING.
  1964 | D:2      | 1964 ||| FLEEEEING.
  1965 | D:2      | 1965 ||| FLEEEEING.
  1966 | D:2      | 1966 ||| FLEEEEING.
  1967 | D:2      | 1967 ||| FLEEEEING.
  1968 | D:2      | 1968 ||| FLEEEEING.
  1969 | D:2      | 1969 ||| FLEEEEING.
  1970 | D:2      | 1970 ||| FLEEEEING.
  1971 | D:2      | 1971 ||| FLEEEEING.
  1972 | D:2      | 1972 ||| FLEEEEING.
  1973 | D:2      | 1973 ||| FLEEEEING.
  1974 | D:2      | 1974 ||| FLEEEEING.
  1975 | D:2      | 1975 ||| FLEEEEING.
  1976 | D:2      | 1976 ||| FLEEEEING.
  1977 | D:2      | 1977 ||| FLEEEEING.
  2182 | D:2      | 2182 ||| INVOKING Fiery Armour.
  2186 | D:2      | Reached XP level 4. HP: 35/35 MP: 5/5
  2936 | D:2      | 2936 ||| UPGRADING to +6 ring of strength.
  2937 | D:2      | 2937 ||| READING scroll labelled TAUPUC QEXT.
  2938 | D:2      | 2938 ||| READING scroll labelled ZYFAOTZUET.
  2939 | D:2      | 2939 ||| READING scroll labelled NUKKAC XIKHOJ.
  2939 | D:2      | Identified a scroll of acquirement
  2939 | D:2      | 2939 ||| ACQUIRING +0 cloak of Defence {rPois rC+ rCorr
                  | Stlth-}
  2939 | D:2      | Acquired the +0 cloak of Defence {rPois rC+ rCorr Stlth-}
  2941 | D:2      | 2941 ||| UPGRADING to +0 cloak of Defence {rPois rC+ rCorr
                  | Stlth-}.
  2946 | D:2      | 2946 ||| DRINKING 2 amethyst potions.
  2947 | D:2      | 2947 ||| DROPPING potion of berserk rage.
  3002 | D:3      | Reached skill level 1 in Throwing
  3002 | D:3      | Reached XP level 5. HP: 41/41 MP: 6/6
  3015 | D:3      | Found a sparkling altar of Nemelex Xobeh.
  3024 | D:3      | 3024 ||| Stepping ~*~*~tactically~*~*~ (stealth).
  3026 | D:3      | 3026 ||| Stepping ~*~*~tactically~*~*~ (stealth).
  3218 | D:3      | Reached skill level 5 in Axes
  3312 | D:3      | 3312 ||| Stepping ~*~*~tactically~*~*~ (stealth).
  3314 | D:3      | Noticed Ijyb
  3314 | D:3      | 3314 ||| Stepping ~*~*~tactically~*~*~ (stealth).
  3316 | D:3      | 3316 ||| Stepping ~*~*~tactically~*~*~ (hiding).
  3340 | D:3      | Killed Ijyb
  3520 | D:3      | Found Beol's Weapon Shop.
  3598 | D:3      | 3598 ||| SWAPPING to +0 hand axe.
  3599 | D:3      | 3599 ||| DROPPING -1 hand axe of chaos.
  3618 | D:3      | 3618 ||| BUYING +0 flail (35 gold).
  3618 | D:3      | Bought a +0 flail for 35 gold pieces
  3618 | D:3      | 3618 ||| BUYING +0 war axe (35 gold).
  3618 | D:3      | Bought a +0 war axe for 35 gold pieces
  3618 | D:3      | 3618 ||| SWAPPING to +0 war axe.
  3619 | D:3      | 3619 ||| DROPPING +0 whip.
  3620 | D:3      | 3620 ||| DROPPING +0 hand axe.
  3717 | D:3      | 3717 ||| DROPPING +0 hand axe of venom.
  3847 | D:3      | 3847 ||| UPGRADING to +2 buckler of protection.
  3852 | D:3      | 3852 ||| UPGRADING to +0 ring mail.
  3862 | D:3      | 3862 ||| DROPPING +0 leather armour.
  3863 | D:3      | 3863 ||| UPGRADING to ring of protection from fire.
  3865 | D:3      | 3865 ||| DROPPING ring of willpower.
  3866 | D:3      | 3866 ||| READING scroll labelled FITIM IFAODUCVO.
  3867 | D:3      | 3867 ||| READING scroll labelled KYDEGOLASU.
  3868 | D:3      | 3868 ||| READING scroll labelled WEOHICK BEKEGA.
  3869 | D:3      | 3869 ||| READING scroll labelled MEDDESTUHASCH.
  3970 | D:3      | 3970 ||| READING 2 scrolls of identify.
  3970 | D:3      | 3970 ||| IDENTIFYING smoky inky potion
  3997 | D:4      | Noticed a black bear
  3999 | D:4      | 3999 ||| INVOKING Fiery Armour.
  4004 | D:4      | Killed a black bear
  4005 | D:4      | Reached skill level 3 in Shields
  4005 | D:4      | Reached XP level 6. HP: 47/47 MP: 7/7
  4008 | D:4      | Reached skill level 1 in Armour
  4102 | D:4      | 4102 ||| FLEEEEING.
  4103 | D:4      | 4103 ||| FLEEEEING.
  4104 | D:4      | 4104 ||| FLEEEEING.
  4105 | D:4      | 4105 ||| FLEEEEING.
  4106 | D:4      | 4106 ||| FLEEEEING.
  4107 | D:4      | 4107 ||| Stepping ~*~*~tactically~*~*~ (hiding).
  4108 | D:4      | 4108 ||| Stepping ~*~*~tactically~*~*~ (hiding).
  4110 | D:4      | 4110 ||| INVOKING Fiery Armour.
  4479 | D:4      | Found a shimmering altar of Xom.
  4481 | D:4      | 4481 ||| READING 2 scrolls labelled FUMOOF UHIDOMN.
  4482 | D:4      | 4482 ||| DRINKING 2 bubbling cyan potions.
  4483 | D:4      | 4483 ||| DRINKING 2 white potions.
  4484 | D:4      | 4484 ||| DRINKING 2 fizzy dark potions.
  4534 | D:4      | 4534 ||| DROPPING scroll of noise.
  4535 | D:4      | 4535 ||| DROPPING potion of brilliance.
  4536 | D:4      | 4536 ||| DROPPING potion of invisibility.
  4537 | D:4      | 4537 ||| DROPPING potion of lignification.
  4584 | D:5      | Entered Level 5 of the Dungeon
  4588 | D:5      | Noticed qw's ghost (novice FoCA)
  4654 | D:5      | Found a runed translucent door.
  4757 | D:5      | Reached skill level 6 in Axes
  4757 | D:5      | Reached XP level 7. HP: 52/52 MP: 8/8
  4790 | D:5      | 4790 ||| INVOKING Fiery Armour.
  4793 | D:5      | 4793 ||| FLEEEEING.
  4803 | D:5      | 4803 ||| STAIRDANCE
  5017 | D:5      | Found a staircase to the Ecumenical Temple.
  5032 | D:5      | 5032 ||| Stepping ~*~*~tactically~*~*~ (stealth).
  5034 | D:5      | 5034 ||| Stepping ~*~*~tactically~*~*~ (stealth).
  5054 | D:5      | 5054 ||| INVOKING Fiery Armour.
  5232 | D:5      | Found Kiots's Distillery.
  5247 | D:5      | 5247 ||| BUYING potion of curing (30 gold).
  5247 | D:5      | Bought a potion of curing for 30 gold pieces
  5247 | D:5      | 5247 ||| BUYING potion of curing (30 gold).
  5247 | D:5      | Bought a potion of curing for 30 gold pieces
  5247 | D:5      | 5247 ||| BUYING potion of curing (30 gold).
  5247 | D:5      | Bought a potion of curing for 30 gold pieces
  5247 | D:5      | 5247 ||| BUYING potion of resistance (100 gold).
  5247 | D:5      | Bought a potion of resistance for 100 gold pieces
  5276 | D:5      | Found a hide-covered altar of Uskayaw.
  5276 | D:5      | Found a stormy altar of Qazlal.
  5277 | D:5      | Found an iron altar of Okawaru.
  5281 | D:5      | Noticed Grinder
  5282 | D:5      | 5282 ||| Stepping ~*~*~tactically~*~*~ (hiding).
  5283 | D:5      | 5283 ||| Stepping ~*~*~tactically~*~*~ (hiding).
  5302 | D:5      | 5302 ||| INVOKING Fiery Armour.
  5308 | D:5      | 5308 ||| FLEEEEING.
  5310 | D:5      | 5310 ||| FLEEEEING.
  5311 | D:5      | 5311 ||| FLEEEEING.
  5312 | D:5      | 5312 ||| FLEEEEING.
  5313 | D:5      | 5313 ||| FLEEEEING.
  5314 | D:5      | 5314 ||| FLEEEEING.
  5328 | D:5      | 5328 ||| FLEEEEING.
  5353 | D:5      | Killed Grinder
  5354 | D:5      | Reached skill level 7 in Axes
  5354 | D:5      | Reached XP level 8. HP: 21/60 MP: 9/9
  5656 | D:5      | Found an ornate altar of the Wu Jian Council.
  5696 | D:5      | Noticed Duvessa
  5706 | D:5      | Killed Duvessa
  5713 | D:5      | Found a bloodstained altar of Trog.
  5722 | D:5      | 5722 ||| DROPPING +0 vorpal war axe.
  5725 | D:5      | Noticed Dowan
  5726 | D:5      | 5726 ||| Stepping ~*~*~tactically~*~*~ (stealth).
  5729 | D:5      | Found a shimmering blue altar of Sif Muna.
  5733 | D:5      | 5733 ||| Stepping ~*~*~tactically~*~*~ (hiding).
  5738 | D:5      | Killed Dowan
  6394 | D:5      | 6394 ||| UPGRADING to +2 chain mail of cold resistance.
  6404 | D:5      | 6404 ||| DROPPING +0 scale mail.
  6405 | D:5      | 6405 ||| DROPPING +0 ring mail.
  6406 | D:5      | 6406 ||| READING scroll labelled UVYTO AZXUYGEA.
  6407 | D:5      | 6407 ||| READING 2 scrolls of identify.
  6407 | D:5      | 6407 ||| IDENTIFYING metallic puce potion
  6408 | D:5      | 6408 ||| DROPPING potion of ambrosia.
  6669 | D:6      | Reached skill level 3 in Armour
  6846 | D:6      | Reached skill level 8 in Axes
  7111 | D:6      | 7111 ||| Stepping ~*~*~tactically~*~*~ (stealth).
  7118 | D:6      | Reached XP level 9. HP: 52/68 MP: 10/10
  7501 | D:6      | 7501 ||| READING scroll labelled LACLERIANK.
  7523 | D:7      | 7523 ||| Stepping ~*~*~tactically~*~*~ (stealth).
  7634 | D:7      | 7634 ||| Stepping ~*~*~tactically~*~*~ (stealth).
  7693 | D:7      | 7693 ||| Stepping ~*~*~tactically~*~*~ (stealth).
  7716 | D:7      | Reached skill level 9 in Axes
  7779 | D:7      | 7779 ||| FLEEEEING.
  7780 | D:7      | 7780 ||| FLEEEEING.
  7781 | D:7      | 7781 ||| FLEEEEING.
  7782 | D:7      | 7782 ||| FLEEEEING.
  7787 | D:7      | 7787 ||| STAIRDANCE
  7828 | D:6      | 7828 ||| READING scroll labelled HENISH GUTEUF.
  7836 | D:7      | 7836 ||| FLEEEEING.
  7841 | D:7      | 7841 ||| STAIRDANCE
  7898 | D:7      | 7898 ||| FLEEEEING.
  7899 | D:7      | 7899 ||| FLEEEEING.
  7900 | D:7      | 7900 ||| FLEEEEING.
  7905 | D:7      | 7905 ||| STAIRDANCE
  7956 | D:7      | 7956 ||| FLEEEEING.
  7957 | D:7      | 7957 ||| FLEEEEING.
  7958 | D:7      | 7958 ||| FLEEEEING.
  7959 | D:7      | 7959 ||| FLEEEEING.
  7960 | D:7      | 7960 ||| FLEEEEING.
  7965 | D:7      | 7965 ||| STAIRDANCE
  8035 | D:7      | 8035 ||| FLEEEEING.
  8036 | D:7      | 8036 ||| FLEEEEING.
  8037 | D:7      | 8037 ||| FLEEEEING.
  8038 | D:7      | 8038 ||| FLEEEEING.
  8043 | D:7      | 8043 ||| STAIRDANCE
  8378 | D:7      | Reached skill level 6 in Fighting
  8450 | D:7      | 8450 ||| Stepping ~*~*~tactically~*~*~ (stealth).
  8582 | D:7      | 8582 ||| Stepping ~*~*~tactically~*~*~ (stealth).
  8609 | D:7      | 8609 ||| Stepping ~*~*~tactically~*~*~ (hiding).
  8630 | D:7      | Reached skill level 10 in Axes
  8637 | D:7      | 8637 ||| FLEEEEING.
  8647 | D:7      | 8647 ||| STAIRDANCE
  8753 | D:6      | 8753 ||| READING 2 scrolls of identify.
  8753 | D:6      | 8753 ||| IDENTIFYING murky coppery potion
  8754 | D:6      | 8754 ||| DROPPING potion of magic.
  8779 | D:7      | 8779 ||| Stepping ~*~*~tactically~*~*~ (stealth).
  8782 | D:7      | 8782 ||| Stepping ~*~*~tactically~*~*~ (hiding).
  8786 | D:7      | 8786 ||| INVOKING Fiery Armour.
  8987 | D:7      | 8987 ||| Stepping ~*~*~tactically~*~*~ (stealth).
  9002 | D:7      | Reached skill level 3 in Throwing
  9002 | D:7      | Reached XP level 10. HP: 59/77 MP: 11/11
  9106 | D:7      | 9106 ||| FLEEEEING.
  9141 | D:7      | 9141 ||| Stepping ~*~*~tactically~*~*~ (stealth).
  9153 | D:7      | 9153 ||| INVOKING Fiery Armour.
  9157 | D:7      | HP: 13/77 [orc warrior/+0 glaive (12)]
  9165 | D:7      | 9165 ||| Stepping ~*~*~tactically~*~*~ (hiding).
  9480 | D:7      | 9480 ||| FLEEEEING.
  9481 | D:7      | 9481 ||| FLEEEEING.
  9550 | D:7      | 9550 ||| FLEEEEING.
  9551 | D:7      | 9551 ||| FLEEEEING.
  9552 | D:7      | 9552 ||| FLEEEEING.
  9553 | D:7      | 9553 ||| FLEEEEING.
  9554 | D:7      | 9554 ||| FLEEEEING.
  9555 | D:7      | 9555 ||| FLEEEEING.
  9556 | D:7      | 9556 ||| FLEEEEING.
  9561 | D:7      | 9561 ||| STAIRDANCE
  9736 | D:6      | 9736 ||| UPGRADING to +0 plate armour.
  9835 | D:7      | Found a hazy altar of Hepliaklqana.
  9879 | D:7      | 9879 ||| FLEEEEING.
  9880 | D:7      | 9880 ||| FLEEEEING.
  9881 | D:7      | 9881 ||| FLEEEEING.
  9882 | D:7      | 9882 ||| FLEEEEING.
  9883 | D:7      | 9883 ||| FLEEEEING.
  9884 | D:7      | 9884 ||| STAIRDANCE
 10002 | D:7      | 10002 ||| FLEEEEING.
 10003 | D:7      | 10003 ||| FLEEEEING.
 10004 | D:7      | 10004 ||| STAIRDANCE
 10127 | D:7      | 10127 ||| FLEEEEING.
 10128 | D:7      | 10128 ||| STAIRDANCE
 10178 | D:7      | 10178 ||| FLEEEEING.
 10179 | D:7      | 10179 ||| FLEEEEING.
 10180 | D:7      | 10180 ||| FLEEEEING.
 10181 | D:7      | 10181 ||| STAIRDANCE
 10238 | D:7      | 10238 ||| STAIRDANCE
 10364 | D:7      | 10364 ||| STAIRDANCE
 10436 | D:7      | 10436 ||| STAIRDANCE
 10476 | D:7      | 10476 ||| STAIRDANCE
 10567 | D:7      | 10567 ||| FLEEEEING.
 10568 | D:7      | 10568 ||| FLEEEEING.
 10569 | D:7      | 10569 ||| STAIRDANCE
 10724 | D:7      | 10724 ||| STAIRDANCE
 10823 | D:7      | 10823 ||| STAIRDANCE
 10907 | D:7      | 10907 ||| FLEEEEING.
 10908 | D:7      | 10908 ||| FLEEEEING.
 10909 | D:7      | 10909 ||| FLEEEEING.
 10910 | D:7      | 10910 ||| FLEEEEING.
 10911 | D:7      | 10911 ||| STAIRDANCE
 11070 | D:7      | 11070 ||| FLEEEEING.
 11071 | D:7      | 11071 ||| FLEEEEING.
 11072 | D:7      | 11072 ||| FLEEEEING.
 11073 | D:7      | 11073 ||| FLEEEEING.
 11074 | D:7      | 11074 ||| STAIRDANCE
 11218 | D:7      | 11218 ||| FLEEEEING.
 11219 | D:7      | 11219 ||| FLEEEEING.
 11220 | D:7      | 11220 ||| FLEEEEING.
 11222 | D:7      | 11222 ||| FLEEEEING.
 11224 | D:7      | 11224 ||| FLEEEEING.
 11226 | D:7      | 11226 ||| FLEEEEING.
 11228 | D:7      | 11228 ||| FLEEEEING.
 11230 | D:7      | 11230 ||| FLEEEEING.
 11231 | D:7      | 11231 ||| INVOKING Fiery Armour.
 11233 | D:7      | 11233 ||| FLEEEEING.
 11235 | D:7      | 11235 ||| FLEEEEING.
 11237 | D:7      | 11237 ||| FLEEEEING.
 11239 | D:7      | 11239 ||| FLEEEEING.
 11239 | D:7      | HP: 14/77 [electric eel/bolt of electricity (10)]
 11241 | D:7      | 11241 ||| FLEEEEING.
 11241 | D:7      | HP: 3/77 [electric eel/bolt of electricity (11)]
 11242 | D:7      | Killed from afar by an electric eel

Levels and vault maps discovered:
D:1:      elethiomel_arrival_infinity_welcomes_careful_drivers, layout_basic,
          shapermc_ecumenical_altar_mp_highgroup
D:2:      layout_basic, corexii_hall_statues_deadend
D:3:      kennysheep_the_goblin_king, layout_rooms,
          nemelex_xobeh_ov_fountains_minmay, serial_shops, shop_coins,
          corner_web_ring
D:4:      layout_cave_pools, lemuel_coloured_pillars_altar
D:5:      layout_layer_cave, nzn_overflow_gifts_of_might_and_magic,
          nicolae_overflow_quartered_altars, minmay_temple_entry_gardened_gates,
          serial_shops, nicolae_square_shop, hellmonk_ghost_happy_afterlife,
          uniq_grinder
D:6:      minmay_evil_eye, layout_basic, st_stairs_7
D:7:      layout_rooms, nicolae_hepliaklqana_monster_ancestors, enter_bailey_3,
          minmay_misc_feat_rugged, grunt_livestock, lightli_minifort

Skill      XL: |  1  2  3  4  5  6  7  8  9 |
---------------+----------------------------+-----
Axes           | 4 5 6 7 8 10 | 10.2
Dodging        | 1 |  1.0
Throwing       | 1 2 3 |  3.0
Shields        | 3 4 5 |  5.6
Armour         | 1 3 4 |  4.8
Fighting       | 4 5 6 |  6.9
Spellcasting   | |  1.1
Fire Magic     | |  3.0

Action                   |  1- 3 |  4- 6 |  7- 9 | 10-12 || total
-------------------------+-------+-------+-------+-------++-------
Melee: Hand axe          |   120 |    52 |       |       ||   172
       War axe           |       |    27 |   201 |    27 ||   255
       Unarmed           |       |       |    23 |       ||    23
Throw: Boomerang         |       |    20 |    17 |     1 ||    38
       Javelin           |       |    12 |    15 |     2 ||    29
Invok: Fiery Armour      |     1 |     2 |     4 |     2 ||     9
  Use: Scroll            |     2 |     9 |     5 |       ||    16
       Potion            |       |     4 |       |       ||     4
Armor: Robe              |    14 |       |       |       ||    14
       Leather armour    |     8 |    19 |       |       ||    27
       Ring mail         |       |    17 |    18 |       ||    35
       Skin              |       |       |     1 |       ||     1
       Chain mail        |       |       |    92 |    10 ||   102
       Plate armour      |       |       |       |     4 ||     4
Dodge: Dodged            |    59 |    45 |    71 |    10 ||   185
Block: Buckler           |       |     9 |    59 |    10 ||    78

Table legend:
 A = Non-vault XP
 B = Vault XP
 C = Vault XP percentage of total XP
 D = Non-vault monster count
 E = Vault monster count
 F = Vault count percentage of total count
                 A         B        C        D         E       F
            +---------+---------+-------+---------+---------+-------
      Total |    2464 |    1888 |  43.4 |     123 |      29 |  19.1
            +---------+---------+-------+---------+---------+-------
        D:1 |      42 |       0 |   0.0 |      25 |       0 |   0.0
        D:2 |      91 |       0 |   0.0 |      16 |       0 |   0.0
        D:3 |      48 |      48 |  50.0 |      15 |       7 |  31.8
        D:4 |     249 |       0 |   0.0 |      17 |       0 |   0.0
        D:5 |     275 |     491 |  64.1 |      13 |       3 |  18.8
        D:6 |     593 |     192 |  24.5 |       9 |       4 |  30.8
        D:7 |    1166 |    1157 |  49.8 |      28 |      15 |  34.9
            +---------+---------+-------+---------+---------+-------
